 Dungeon Crawl Stone Soup version 0.20-a0-286-gae82e34 (webtiles) character file.

252 Junicave the Digger (level 6, -2/32 HPs)
             Began as a Gargoyle Earth Elementalist on Dec 14, 2016.
             Slain by an ogre
             ... wielding a +0 giant club
              (13 damage)
             ... on level 3 of the Dungeon.
             The game lasted 00:21:37 (6343 turns).

Junicave the Digger (Gargoyle Earth Elementalist)   Turns: 6343, Time: 00:21:37

Health: -2/32      AC:  8    Str: 12    XL:     6   Next: 14%
Magic:  3/12       EV: 12    Int: 17    God:
Gold:   145        SH:  0    Dex: 10    Spells: 9/13 levels left

rFire  . . .     SeeInvis .     y - +2 falchion (holy)
rCold  . . .     Gourm    .     c - +0 robe
rNeg   + . .     Faith    .     (no shield)
rPois  ∞         Spirit   .     r - +0 helmet
rElec  +         Reflect  .     k - +0 cloak
rCorr  .         Harm     .     (no gloves)
MR     .....                    (no boots)
Stlth  ++........               (no amulet)
                                (no ring)
                                (no ring)

@: very slightly contaminated
A: negative energy resistance 1, electricity resistance, unbreathing,
petrification resistance, rot immunity, AC +4
a: no special abilities


You were on level 3 of the Dungeon.
You were hungry.

You visited 1 branch of the dungeon, and saw 4 of its levels.

You collected 145 gold pieces.

Inventory:

Hand Weapons
 g - a +0 whip
 h - a +0 short sword
 q - a +1 short sword of venom
 y - a +2 falchion of holy wrath (weapon)
 z - a +1 trident of venom
 A - a +0 dagger of venom
Missiles
 b - 101 stones (quivered)
Armour
 c - a +0 robe (worn)
 i - a +0 robe
 k - a +0 cloak (worn)
 r - a +0 helmet (worn)
Wands
 s - a wand of random effects (38/48)
Scrolls
 m - a scroll of noise {unknown}
 t - a scroll of recharging
 w - a scroll of identify
 x - a scroll of magic mapping {unknown}
Potions
 f - a potion of ambrosia
 j - a potion of magic {unknown}
 l - 2 potions of curing
 o - a potion of heal wounds
 p - a potion of agility
 u - a potion of haste
Books
 e - a book of Geomancy

   Spells                             Type                      Level
   a - Sandblast                      Earth                        1
   b - Passwall                       Transmutation/Earth          2
   c - Stone Arrow                    Conjuration/Earth            3
   d - Petrify                        Transmutation/Earth          4
   e - Lee's Rapid Deconstruction     Earth                        5
Comestibles
 a - a meat ration
 d - 3 bread rations
 n - 4 fruits


   Skills:
 - Level 1.5 Dodging
 - Level 2.1 Stealth
 * Level 4.3 Spellcasting
 + Level 2.7 Conjurations
   Level 0.7 Transmutations
 + Level 5.1 Earth Magic


You had 9 spell levels left.
You knew the following spells:

 Your Spells              Type           Power        Failure   Level  Hunger
a - Sandblast             Erth           ###...       1%          1    None
b - Stone Arrow           Conj/Erth      ###...       10%         3    ###....


Dungeon Overview and Level Annotations

Branches:
Dungeon (4/15)
 Temple: D:4-7

Altars:
Fedhas
Qazlal


Innate Abilities, Weirdness & Mutations

You are resistant to torment.
Your stone body is resilient. (AC +4)
You are immune to poison.
You resist negative energy. (rN+)
You are resistant to electric shocks. (rElec)
You can survive without breathing.
You are immune to petrification.
You are immune to rotting.


Message History

Aim: an ogre, wielding a giant club The stone arrow hits the ogre.
The ogre is moderately wounded.
Casting: Stone Arrow
Confirm with . or Enter, or press ? or * to list all spells.
Aiming: Stone Arrow
Press: ? - help, Shift-Dir - straight line, f/p - ogre
Aim: an ogre, wielding a giant club (moderately wounded)
You miscast Stone Arrow.
You are very lightly contaminated with residual magic.
Strange energies run through your body. The ogre hits you with a giant club!!
Ouch! That really hurt!
Casting: Stone Arrow
Confirm with . or Enter, or press ? or * to list all spells.
Aiming: Stone Arrow
Press: ? - help, Shift-Dir - straight line, f/p - ogre
Aim: an ogre, wielding a giant club (moderately wounded)
You miscast Stone Arrow.
Nothing appears to happen.
The ogre hits you with a giant club!
You die...

.....# ##..### ###
####)## ##...####.. #
#..### ###...##.. #
##...# ###..#)< # ###.###
#########..... #...#
#............. ###.####
#..........#..
#....#######..........#..
####....@O...>........#..
#########..........#..
#..........#..
#############. #. #. ##


You could see an ogre.

Vanquished Creatures
  An orc priest (D:3)
  An orc wizard (D:3)
  Robin (D:2)
  5 adders
  An ooze (D:1)
  3 worms (D:3)
  5 dart slugs
  3 leopard geckos
  14 orcs (D:3)
  3 ball pythons
  6 bats
  3 giant cockroaches
  15 goblins
  14 hobgoblins
  2 jackals
  10 kobolds
  A quokka (D:2)
  2 frilled lizards
  12 rats
  2 bushes (D:3)
  2 plants (D:3)
106 creatures vanquished.

Vanquished Creatures (others)
  A bush (D:3)
  2 fungi (D:3)
  A plant (D:3)
4 creatures vanquished.

Grand Total: 110 creatures vanquished

Notes
Turn   | Place    | Note
-------+----------+-------------------------------------------
     0 | D:1      | Junicave the Gargoyle Earth Elementalist began the quest for the Orb.
     0 | D:1      | Reached XP level 1. HP: 10/10 MP: 3/3
   460 | D:1      | Reached XP level 2. HP: 14/15 MP: 1/5
   606 | D:1      | Reached skill level 4 in Earth Magic
   803 | D:1      | Reached XP level 3. HP: 19/19 MP: 7/7
   808 | D:1      | Learned a level 3 spell: Stone Arrow
  2045 | D:2      | Reached XP level 4. HP: 24/24 MP: 3/8
  2292 | D:2      | Noticed Robin
  2364 | D:1      | Reached skill level 1 in Conjurations
  2557 | D:2      | Killed Robin
  3679 | D:2      | Reached XP level 5. HP: 23/28 MP: 5/10
  4628 | D:3      | Found a stormy altar of Qazlal.
  4690 | D:3      | Found a blossoming altar of Fedhas.
  4949 | D:3      | Reached skill level 5 in Earth Magic
  5550 | D:3      | Reached XP level 6. HP: 30/32 MP: 5/12
  5837 | D:3      | Found a stormy altar of Qazlal.
  5892 | D:3      | Found a blossoming altar of Fedhas.
  6343 | D:3      | Slain by an ogre

Vault maps used:
D:1:      evilmike_arrival_home_sweet_home
D:2:      corexii_item_surrounded_by_moat, uniq_robin
D:3:      fedhas_altar_3, nicolae_overflow_crystal_walls, serial_forest,
          infiniplex_forest_side_room, infiniplex_forest_end_3,
          infiniplex_forest_join, infiniplex_forest_straight_2,
          infiniplex_forest_split, infiniplex_forest_zigzag_1,
          infiniplex_forest_clump_tiny, infiniplex_forest_clump_diagonal
D:4:      grunt_dithmenos_smoke_and_mirrors, serial_glass, glass_columns_a,
          glass_columns_a, glass_columns_c, glass_columns_a, glass_columns_b,
          glass_columns_a, glass_columns_b, glass_columns_a, glass_columns_a,
          glass_columns_b, glass_columns_a, glass_columns_a, glass_columns_b,
          glass_columns_c, kennysheep_generic_room_15, uniq_edmund,
          uniq_sigmund, uniq_pikel

Skill      XL: |  1  2  3  4  5 |
---------------+----------------+-----
Earth Magic    | 4 5 |  5.1
Spellcasting   | 3 4 |  4.3
Conjurations   | 1 2 |  2.7
Dodging        | |  1.5
Stealth        | |  2.1
Transmutations | |  0.7

Action                   |  1- 3 |  4- 6 || total
-------------------------+-------+-------++-------
Melee: Unarmed           |    10 |       ||    10
       Whip              |    67 |    18 ||    85
       Short sword       |     5 |    65 ||    70
       Falchion          |       |   332 ||   332
 Cast: Sandblast         |    26 |   112 ||   138
       Stone Arrow       |       |     7 ||     7
  Use: Scroll            |       |     8 ||     8
 Stab: Sleeping          |     2 |     2 ||     4
  Eat: Chunk             |     4 |    14 ||    18
Armor: Robe              |    37 |    85 ||   122
Dodge: Dodged            |    66 |   161 ||   227
       Rpst.: Falchion   |       |     6 ||     6
